 Dungeon Crawl Stone Soup version 0.30.1-4-g462c640d31 (webtiles) character file.

Game seed: 2929884896509958609

169 monsoonserge the Ruffian (level 5, -1/53 HPs)
             Began as a Troll Fighter on Sept 12, 2023.
             Slain by Grinder (3 damage)
             ... on level 4 of the Dungeon.
             The game lasted 00:05:20 (2290 turns).

monsoonserge the Ruffian (Troll Fighter)            Turns: 2290, Time: 00:05:21

Health: -1/53      AC:  4    Str: 24    XL:     5   Next: 25%
Magic:  4/4        EV:  9    Int:  6    God:
Gold:   153        SH:  8    Dex:  9    Spells: 4/4 levels left

rFire   . .          .
                       - Unarmed
rCold   . . .        b - +0 kite shield
rNeg    . . .        a - +0 robe
rPois   .            (helmet restricted)
rElec   .            (no cloak)
rCorr   .            (gloves unavailable)
SInv    .            (boots unavailable)
Will    .....        (no amulet)
Stlth   +            (no ring)
HPRegen 1.08/turn    (no ring)
MPRegen 0.09/turn

%: no passive effects
@: no status effects
A: large, unfitting armour, claws 3, regeneration 1, shaggy fur 1, tough skin 1
a: no special abilities


You were on level 4 of the Dungeon.
You visited 1 branch of the dungeon, and saw 4 of its levels.

You collected 153 gold pieces.

Inventory:

Armour
 a - a +0 robe (worn)
 b - a +0 kite shield (worn)
Jewellery
 o - an amulet of faith
Scrolls
 d - 3 scrolls of identify {unknown}
 e - 3 scrolls of fog {unknown}
 i - a scroll of acquirement {unknown}
 j - a scroll of vulnerability {unknown}
 k - 2 scrolls of brand weapon {unknown}
 l - a scroll of immolation {unknown}
 p - a scroll of silence {unknown}
Potions
 c - a potion of might
 f - a potion of haste {unknown}
 g - 2 potions of ambrosia {unknown}
 h - a potion of berserk rage {unknown}
 m - 2 potions of cancellation {unknown}
 n - a potion of lignification {unknown}
 q - a potion of heal wounds {unknown}
 r - a potion of curing {unknown}


   Skills:
 + Level 3.2 Fighting
 - Level 2.7 Dodging
 + Level 3.4 Shields
 * Level 4.0 Unarmed Combat


You had 4 spell levels left.
You didn't know any spells.
Your spell library contained the following spells:

 Spells                   Type           Power      Damage    Failure   Level
 Kiss of Death            Conj/Necr      0%         2d5       71%         1
 Confusing Touch          Hex            0%         N/A       97%         3
 Dispel Undead            Necr           0%         3d6       100%        4


Dungeon Overview and Level Annotations

Branches:
Dungeon (4/15)
 Temple: D:4-7

Altars:

Annotations:
D:3 2 runed translucent doors
D:4 Grinder, Menkaure


Innate Abilities, Weirdness & Mutations

You are too large for most types of armour.
You have claws for hands.
Your natural rate of healing is unusually fast.
You are covered in fur. (AC +1)
You have tough skin. (AC +1)


Message History

You claw Grinder!
Grinder is moderately wounded.
Grinder zaps a wand.
The puff of flame hits you.
You closely miss Grinder.
Grinder is moderately wounded.
Grinder gestures at you.
You suddenly lose the ability to move!
Grinder gestures at you. You resist with significant effort.
Grinder hits you but does no damage.
You can move again.
You claw Grinder!
Grinder is severely wounded.
Grinder zaps a wand.
The puff of flame hits you.
You barely miss Grinder.
Grinder is severely wounded.
Grinder hits you but does no damage.
Unknown command.
You scratch Grinder but do no damage.
Grinder is severely wounded.
Grinder hits you.
You writhe in agony.
* * * LOW HITPOINT WARNING * * *
Unknown command.
You barely miss Grinder.
Grinder is severely wounded.
Grinder hits you but does no damage.
You scratch Grinder.
Grinder is severely wounded.
Grinder zaps a wand.
The puff of flame hits you!
* * * LOW HITPOINT WARNING * * *
Unknown command.
You scratch Grinder.
Grinder is almost dead.
Grinder gestures at you. Pain shoots through your body!
* * * LOW HITPOINT WARNING * * *
Grinder hits you.
* * * LOW HITPOINT WARNING * * *
You writhe in agony.
You die...

#.#.### #####...###
#.#...###..'......#
#....###..##......#
###..#....#.......# .
# #..#.##.#.......+
..#. #<...##.#.......#
.....#######.##......#
♣.?.#####..'......#
♣..5@†...###...###
♣####'#### #.#+# #...#
### #(..# #.... ......
##...#.. #...#?..


You could see Grinder.

Vanquished Creatures
  An orc priest (D:3)
  An orc wizard (D:3)
  A gnoll (D:1)
  2 adders (D:3)
  4 dart slugs
  3 orcs (D:3)
  6 bats
  5 endoplasms
  4 giant cockroaches
  5 goblins
  6 hobgoblins
  7 jackals
  6 kobolds
  4 quokkas
  7 ball pythons
  3 frilled lizards
  5 rats
70 creatures vanquished.

Notes
Turn   | Place    | Note
-------+----------+-------------------------------------------
     0 | D:1      | monsoonserge the Troll Fighter began the quest for the Orb.
     0 | D:1      | Reached XP level 1. HP: 22/22 MP: 0/0
   106 | D:1      | Reached XP level 2. HP: 29/29 MP: 1/1
   164 | D:1      | Reached XP level 3. HP: 36/36 MP: 2/2
   270 | D:1      | Reached skill level 3 in Unarmed Combat
   893 | D:2      | Reached XP level 4. HP: 44/44 MP: 3/3
  1453 | D:3      | Reached XP level 5. HP: 53/53 MP: 4/4
  1590 | D:3      | Found a large runed translucent door.
  1591 | D:3      | Found a large runed translucent door.
  2137 | D:4      | Noticed Menkaure
  2266 | D:4      | Reached skill level 4 in Unarmed Combat
  2266 | D:4      | Noticed Grinder
  2275 | D:4      | Paralysed by Grinder for 5 turns
  2282 | D:4      | Paralysed by Grinder for 3 turns
  2290 | D:4      | HP: 2/53 [Grinder (4)]
  2290 | D:4      | Slain by Grinder

Illustrated notes

Levels and vault maps discovered:
D:1:      wander_arrival_lonely_grave, layout_rooms, chequers_garden
D:2:      layout_basic
D:3:      minmay_diamond_boxcup, layout_basic, jmf_multi_god_temple2
D:4:      nicolae_cairo_tiling_very_big, layout_basic,
          mainiacjoe_overflow_paths, serial_shops, shop, skrybe_limestone_x,
          uniq_blork_the_orc, uniq_menkaure, uniq_grinder, uniq_natasha

Skill      XL: |  1  2  3  4  5 |
---------------+----------------+-----
Shields        | 3 |  3.4
Unarmed Combat | 3 4 |  4.0
Fighting       | 3 |  3.2
Dodging        | |  2.7

Action                     |  1- 3 |  4- 6 || total
---------------------------+-------+-------++-------
  Melee: Unarmed           |   130 |    87 ||   217
 Armour: Robe              |    43 |    25 ||    68
  Dodge: Dodged            |    51 |    23 ||    74
  Block: Kite shield       |    49 |    28 ||    77
